 Dungeon Crawl Stone Soup version 0.18.1-5-g4a78601 (webtiles) character file.

18 Charly the Insei (level 2, 2/14 HPs)
             Began as a Vine Stalker Transmuter on May 12, 2016.
             Quit the game on level 2 of the Dungeon.
             The game lasted 00:02:52 (187 turns).

Charly the Insei (Vine Stalker Transmuter)           Turns: 187, Time: 00:02:52

Health: 2/14       AC:  2    Str: 12    XL:     2   Next: 70%
Magic:  3/6        EV: 12    Int: 13    God:
Gold:   12         SH:  0    Dex: 14    Spells: 1 memorised, 3 levels left

rFire  . . .     SeeInvis .       - Unarmed
rCold  . . .     Gourm    .     b - +0 robe
rNeg   . . .     Faith    .     (no shield)
rPois  .         Spirit   +     (no helmet)
rElec  .         Dismiss  .     (no cloak)
rCorr  .         Reflect  .     (no gloves)
SustAt .         Harm     .     (no boots)
MR     .....                    (no amulet)
Stlth  +.........               (no ring)
                                (no ring)

@: flying, not resistant to hostile enchantments, very unstealthy
A: fangs 2, regeneration 1, magic shield, antimagic bite, no device heal 3, rot
immunity
a: no special abilities


You were on level 2 of the Dungeon.
You were not hungry.

You visited 1 branch of the dungeon, and saw 2 of its levels.

You collected 12 gold pieces.

Inventory:

Missiles
 a - 10 arrows
Armour
 b - a +0 robe (worn)
Books
 c - a book of Changes

   Spells                             Type                      Level
   a - Beastly Appendage              Transmutation                1
   b - Sticks to Snakes               Transmutation                2
   c - Spider Form                    Transmutation/Poison         3
   d - Ice Form                       Ice/Transmutation            4
   e - Blade Hands                    Transmutation                5
Comestibles
 d - 2 bread rations
 g - a meat ration


   Skills:
 - Level 0.8 Fighting
 - Level 1.5 Dodging
 + Level 3.5 Unarmed Combat
 - Level 2.1 Spellcasting
 + Level 2.5 Transmutations


You had 3 spell levels left.
You knew the following spells:

 Your Spells              Type           Power        Failure   Level  Hunger
s - Sticks to Snakes      Trmt           #.......     14%         2    ###....


Dungeon Overview and Level Annotations

Branches:
Dungeon (2/15)

Altars:


Innate Abilities, Weirdness & Mutations

You have extremely sharp teeth.
Your natural rate of healing is unusually fast.
When hurt, damage is shared between your health and your magic reserves.
Your bite disrupts and absorbs the magic of your enemies.
Potions and wands cannot restore your health.
You are immune to rotting.


Message History

Forget which spell ([?*] list [ESC] exit)?
Your memory of Beastly Appendage unravels.
The bat completely misses you. The adder closely misses you.
The goblin misses you.
Unknown command.
Drink which item? (? for menu, Esc to quit)
It was a potion of curing.
You feel better. The bat barely misses you. The adder closely misses you.
The goblin barely misses you. The adder barely misses you.
Drink which item? (? for menu, Esc to quit)
It was a potion of flight.
You feel very buoyant.
You fly up into the air.
The bat hits you but does no damage. The adder misses you.
The goblin closely misses you.
Drink which item? (? for menu, Esc to quit)
It was a potion of magic.
Magic courses through your body. The bat hits you but does no damage.
The adder bites you.
* * * LOW HITPOINT WARNING * * *
The goblin closely misses you. The gnoll closely misses you.
Are you sure you want to abandon this character and quit the game? (Confirm with "yes".)

###########
##.....#.....
##...@.........
#$..gSgb.......
#....g.........
#..)...........
#..............
#.............S
##.............
##...........#
####.#.######


You could see 2 gnolls, an adder, a goblin and a bat.

Vanquished Creatures
  An adder (D:2)
  2 giant geckos (D:1)
  2 goblins
  A giant newt (D:1)
  A kobold (D:1)
  A rat (D:1)
8 creatures vanquished.

Vanquished Creatures (collateral kills)
  A giant gecko (D:2)
1 creature vanquished.

Grand Total: 9 creatures vanquished

Notes
Turn   | Place    | Note
--------------------------------------------------------------
     0 | D:1      | Charly the Vine Stalker Transmuter began the quest for the Orb.
     0 | D:1      | Reached XP level 1. HP: 9/9 MP: 4/4
    54 | D:1      | Reached XP level 2. HP: 5/14 MP: 1/6
    58 | D:1      | Learned a level 2 spell: Sticks to Snakes
   187 | D:2      | Quit the game

Action                   || total
-------------------------++-------
Melee: Unarmed           ||    23
       Bite              ||     4
 Cast: Sticks to Snakes  ||     2
  Use: Potion            ||     3
       Scroll            ||     1
Armor: Robe              ||     7
Dodge: Dodged            ||    35
